 Dungeon Crawl Stone Soup version 0.28-a0-1518-gbe868bca14 (webtiles) character file.

Game seed: 10211167698873487580

430 hashsling the Thaumaturge (level 6, -2/32 HPs)
             Began as a Deep Elf Conjurer on Jan 16, 2022.
             Slain by a river rat (4 damage)
             ... on level 4 of the Dungeon.
             The game lasted 00:11:09 (3620 turns).

hashsling the Thaumaturge (Deep Elf Conjurer)       Turns: 3620, Time: 00:11:09

Health: -2/32      AC:  7    Str:  4    XL:     6   Next: 66%
Magic:  2/19       EV: 12    Int: 25    God:
Gold:   80         SH:  0    Dex: 13    Spells: 8/22 levels left

rFire   + . .      SeeInvis .   l - +0 dagger (vamp)
rCold   . . .      Faith    .   (no shield)
rNeg    . . .      Spirit   .   v - +0 robe
rPois   .          Reflect  .   j - +0 helmet
rElec   .          Harm     .   p - +2 cloak
rCorr   .          Rampage  .   n - +0 pair of gloves
Will    .....                   (no boots)
Stlth   +.........              (no amulet)
HPRegen 0.10/turn               u - ring of fire
MPRegen 0.16/turn               s - ring of protection from cold

@: very slow
A: no striking features
a: no special abilities


You were on level 4 of the Dungeon.
You visited 1 branch of the dungeon, and saw 4 of its levels.

You collected 80 gold pieces.

Inventory:

Hand Weapons
 l - a +0 vampiric dagger (weapon)
Missiles
 q - 3 curare-tipped darts
 r - a throwing net
Armour
 j - a +0 helmet (worn)
 n - a +0 pair of gloves (worn)
 p - a +2 cloak (worn)
 v - a +0 robe (worn)
Jewellery
 m - a +6 ring of strength
 s - a ring of protection from cold (right hand)
 u - a ring of fire (left hand)
Scrolls
 b - a scroll of enchant armour {unknown}
 d - a scroll of fear {unknown}
 f - a scroll of vulnerability {unknown}
 g - 3 scrolls of identify {unknown}
 h - a scroll of teleportation {unknown}
 i - a scroll of torment {unknown}
 o - a scroll of immolation {unknown}
 t - a scroll of fog {unknown}
Potions
 c - a potion of brilliance {unknown}
 e - a potion of haste {unknown}


   Skills:
 - Level 2.4 Dodging
 - Level 2.4 Stealth
 + Level 8.8 Spellcasting
 + Level 4.9 Conjurations
 + Level 2.3 Hexes


You had 8 spell levels left.
You knew the following spells:

 Your Spells              Type           Power      Damage    Failure   Level
a - Magic Dart            Conj           100%       1d8       1%          1
b - Searing Ray           Conj           70%        2d7       1%          2
c - Dazzling Flash        Conj/Hex       58%        N/A       3%          3
d - Iskenderun's Mystic   Conj/Tloc      23%        2d6       21%         4
e - Fulminant Prism       Conj/Hex       14%        3d9       12%         4

Your spell library contained the following spells:

 Spells                   Type           Power      Damage    Failure   Level
 Beastly Appendage        Tmut           22%        N/A       5%          1
 Summon Small Mammal      Summ           44%        N/A       5%          1
 Wereblood                Tmut           11%        N/A       9%          2
 Inner Flame              Hex/Fire       25%        N/A       11%         3
 Summon Guardian Golem    Hex/Summ       16%        N/A       11%         3
 Call Canine Familiar     Summ           11%        N/A       17%         3
 Spider Form              Tmut/Pois      11%        N/A       17%         3
 Cause Fear               Hex            11%        N/A       22%         4
 Discord                  Hex            11%        N/A       100%        8


Dungeon Overview and Level Annotations

Branches:
Dungeon (4/15)
 Temple: D:4-7

Altars:


Message History

The rat bites you but does no damage.
You don't have enough magic to cast this spell.
Hit: l) +0 dagger (vamp)
Press: ? - help, Dir - move target, f/p - river rat
Aim: a river rat (heavily wounded, about 42% to evade your +0 vampiric dagger)
Okay, then.
You hit the river rat but do no damage.
The river rat is heavily wounded.
You hear the slow rusting of a drain very nearby.
The river rat twitches its whiskers.
The river rat bites you.
* * * LOW HITPOINT WARNING * * *
The rat barely misses you.
You feel better.
A river rat comes into view.
The river rat bites you but does no damage.
The rat bites you.
You closely miss the river rat.
The river rat is heavily wounded.
The river rat twitches its whiskers.
The river rat bites you.
* * * LOW HITPOINT WARNING * * *
The rat splashes around in the water.
Your unstable footing causes you to fumble your attack.
The river rat closely misses you. The rat closely misses you.
You closely miss the river rat.
The river rat is heavily wounded.
The river rat misses you. The rat closely misses you.
You hit the river rat but do no damage.
The river rat is heavily wounded.
The river rat closely misses you.
The rat splashes around in the water.
You barely miss the river rat.
The river rat is heavily wounded.
The river rat bites you.
* * * LOW HITPOINT WARNING * * *
The rat closely misses you.
You barely miss the river rat.
The river rat is heavily wounded.
The river rat bites you.
You die...

..............#...
..........<.[.[)..
..........†...#..?
#.....≈..(.###
#.≈.≈≈†≈≈..#
#≈≈#≈#≈####....
#≈≈≈≈≈≈≈≈≈#....
#########r#.....
#≈≈rrr@#.....
#≈#≈#### #.# #


You could see 2 river rats and 2 rats.

Vanquished Creatures
  A sky beast (D:3)
  The ghost of hashsling the Magician, an amateur DECj (D:3)
  An orc wizard (D:4)
  9 adders
  4 gnolls (D:3)
  A river rat (D:4)
  A hound simulacrum (D:3)
  A white imp (D:3)
  A worm (D:2)
  3 dart slugs
  11 orcs
  6 endoplasms
  8 goblins
  3 hobgoblins
  4 jackals (D:2)
  8 kobolds
  3 quokkas
  5 ball pythons
  5 bats
  4 frilled lizards
  2 giant cockroach simulacra (D:3)
  8 rats
90 creatures vanquished.

Vanquished Creatures (others)
  3 fulminant prisms
3 creatures vanquished.

Grand Total: 93 creatures vanquished

Notes
Turn   | Place    | Note
-------+----------+-------------------------------------------
     0 | D:1      | hashsling the Deep Elf Conjurer began the quest for the
                  | Orb.
     0 | D:1      | Reached XP level 1. HP: 10/10 MP: 6/6
   310 | D:1      | Reached skill level 4 in Spellcasting
   310 | D:1      | Reached XP level 2. HP: 15/15 MP: 7/9
   915 | D:2      | Learned a level 2 spell: Searing Ray
   921 | D:2      | Reached XP level 3. HP: 17/19 MP: 8/11
   922 | D:2      | Reached skill level 5 in Spellcasting
  1058 | D:2      | Learned a level 3 spell: Dazzling Flash
  1354 | D:2      | Reached skill level 6 in Spellcasting
  1354 | D:2      | Reached XP level 4. HP: 23/24 MP: 5/14
  1490 | D:2      | Learned a level 4 spell: Iskenderun's Mystic Blast
  1495 | D:2      | Learned a level 4 spell: Fulminant Prism
  1874 | D:2      | Found a faded altar of an unknown god.
  2163 | D:3      | Reached skill level 7 in Spellcasting
  2167 | D:3      | Reached XP level 5. HP: 28/28 MP: 3/16
  2210 | D:3      | Found a runed translucent gate.
  2210 | D:3      | Found a runed translucent gate.
  2315 | D:3      | Found a runed translucent gate.
  2568 | D:3      | Noticed hashsling's ghost (amateur DECj)
  2634 | D:3      | Noticed a sky beast
  2640 | D:3      | Killed a sky beast
  2641 | D:3      | Reached skill level 8 in Spellcasting
  3031 | D:3      | Reached XP level 6. HP: 32/32 MP: 16/19
  3349 | D:3      | Killed hashsling's ghost
  3350 | D:3      | Reached skill level 1 in Hexes
  3620 | D:4      | Slain by a river rat

Illustrated notes

Levels and vault maps discovered:
D:1:      minmay_arrival_radiant_lines, layout_basic, minmay_tromino_v4_a
D:2:      layout_basic, shapermc_ecumenical_altar_flowoftime
D:3:      layout_loops_corners, gammafunk_ghost_icy
D:4:      layout_gridville, good_gods_temple_1, lightli_sewer_entry_pipes,
          serial_shops, shop

Skill      XL: |  1  2  3  4  5  6 |
---------------+-------------------+-----
Spellcasting   | 4 6 7 8 |  8.8
Hexes          | 2 |  2.3
Dodging        | |  2.4
Stealth        | |  2.4
Conjurations   | |  4.9

Action                   |  1- 3 |  4- 6 || total
-------------------------+-------+-------++-------
Melee: Club              |     1 |       ||     1
       Dagger            |       |    47 ||    47
 Cast: Magic Dart        |    68 |    94 ||   162
       Searing Ray       |     1 |     8 ||     9
       Fulminant Prism   |       |     3 ||     3
  Use: Potion            |       |     2 ||     2
Armor: Robe              |     7 |    25 ||    32
Dodge: Dodged            |     5 |    50 ||    55

Table legend: (Time is in decaauts)
 A = Elapsed time spent in this place.
 B = Non-inter-level travel time spent in this place.
 C = Inter-level travel time spent in this place.
 D = Time resting spent in this place.
 E = Time spent auto-exploring this place.
 F = Levels seen in this place.
 G = Mean time per level.
                   A        B        C        D        E       F      G
               +--------+--------+--------+--------+--------+-----+--------+
         Total |   3621 |   3543 |     78 |      0 |   3019 |   4 |  905.2 |
       Dungeon |   3621 |   3543 |     78 |      0 |   3019 |   4 |  905.2 |
               +--------+--------+--------+--------+--------+-----+--------+

Top non-repeatable levels by time:
     D:3: 1531 daAuts
     D:2: 1091 daAuts
     D:1: 911 daAuts
     D:4: 87 daAuts
